 Dungeon Crawl Stone Soup version 0.31.0-9-g3a7656b989 (webtiles) character file.

Game seed: 15928459749177364774

116 Peloso the Covered (level 4, 0/41 HPs)
             Began as a Minotaur Fighter on Jan 27, 2024.
             Slain by an adder (2 damage)
             ... on level 3 of the Dungeon.
             The game lasted 00:02:31 (1495 turns).

Peloso the Covered (Minotaur Fighter)               Turns: 1495, Time: 00:02:32

Health: 0/41       AC:  7    Str: 19 (21) XL:     4   Next: 69%
Magic:  3/3        EV:  9    Int:  4 (5)  God:
Gold:   84         SH:  4    Dex: 10 (11) Spells: 3/3 levels left

rFire   . . .        a - +0 long sword
rCold   . . .        c - +0 buckler
rNeg    . . .        b - +0 scale mail
rPois   .            (helmet restricted)
rElec   .            (no cloak)
rCorr   .            (no gloves)
SInv    .            (no boots)
Will    .....        (no amulet) Stlth
                     (no ring)
HPRegen 0.26/turn    (no ring)
MPRegen 0.08/turn

%: no passive effects
@: lethally poisoned (0 -> -2)
A: horns 2, retaliatory headbutt
a: no special abilities


You were on level 3 of the Dungeon.
You visited 1 branch of the dungeon, and saw 3 of its levels.

You collected 84 gold pieces.

Inventory:

Hand Weapons
 a - a +0 long sword (weapon)
Armour
 b - a +0 scale mail (worn)
 c - a +0 buckler (worn)
Jewellery
 g - an amulet of the acrobat
Scrolls
 e - a scroll of teleportation
 f - a scroll of fear {unknown}
 h - a scroll of vulnerability {unknown}
 i - 2 scrolls of amnesia {unknown}
 m - a scroll of identify {unknown}
 n - a scroll of blinking {unknown}
Potions
 d - a potion of might
 j - a potion of ambrosia {unknown}
 l - a potion of berserk rage


   Skills:
 + Level 4.5 Fighting
 + Level 3.5 Long Blades
 + Level 4.6 Armour
 + Level 1.0 Dodging
 + Level 4.3 Shields


You had 3 spell levels left.
You didn't know any spells.
Your spell library was empty.

Dungeon Overview and Level Annotations

Branches:
Dungeon (3/15)

Altars:
Wu Jian

Annotations:
D:3 Sigmund


Innate Abilities, Weirdness & Mutations

You have a pair of horns on your head.
You reflexively headbutt those who attack you in melee.


Message History

Sigmund points at you and mumbles some strange words.
The magic dart hits you.
A ball python comes into view.
Unknown command.
You see here 12 gold pieces.
Found a scroll of teleportation.
An endoplasm comes into view.
The endoplasm quivers.
A kobold comes into view. It is wielding a +0 short sword.
The adder attacks as it pursues you! The adder bites you but does no damage.
The ball python hisses angrily.
The kobold throws a stone.
The stone hits you but does no damage.
The kobold throws a stone.
The stone barely misses you.
A frilled lizard comes into view.
The endoplasm barely misses you.
A river rat comes into view.
The river rat squeaks loudly.
The frilled lizard hisses angrily.
The adder attacks as it pursues you! The adder barely misses you.
Sigmund casts a spell.
Sigmund flickers and vanishes!
Deactivating autopickup; reactivate with Ctrl-A.
The adder misses you.
A giant cockroach comes into view.
The adder attacks as it pursues you! The adder bites you.
Unknown command.
The river rat bites you.
Unknown command.
You closely miss the river rat. Your headbutt misses the river rat.
You block the adder's attack. You block the river rat's attack.
The adder bites you.
You are poisoned.
The adder poisons you! The river rat bites you!
* * * LOW HITPOINT WARNING * * *
Unknown command.
You slash the river rat!
The river rat is severely wounded.
You feel sick. You block the adder's attack. The river rat bites you.
* * * LOW HITPOINT WARNING * * *
The adder bites you.
You die...

#......##... .
#...?...... .(
#......#... ...
#......##.###.##
#......##..?....
#l.....##.#.....
##K......#......#
########SSw{.....$..####
~~~~~Br@#.......##.....#
#########.......######.#
..........# .
#..........#
#..........#
#..........#
#..........#


You could see an adder, a river rat, a dart slug, a giant cockroach, a ball
python, a kobold and a frilled lizard.

Vanquished Creatures
  An orc wizard (D:3)
  4 adders
  2 dart slugs (D:2)
  A ribbon worm (D:3)
  2 orcs (D:3)
  4 ball pythons
  4 bats
  4 endoplasms
  7 giant cockroaches
  4 hobgoblins
  4 kobolds (D:2)
  2 frilled lizards (D:3)
  4 goblins
  2 rats
45 creatures vanquished.

Notes
Turn   | Place    | Note
-------+----------+-------------------------------------------
     0 | D:1      | Peloso the Minotaur Fighter began the quest for the Orb.
     0 | D:1      | Reached XP level 1. HP: 19/19 MP: 0/0
   136 | D:1      | Found a faded altar of an unknown god.
   681 | D:1      | Reached XP level 2. HP: 27/27 MP: 1/1
   901 | D:1      | Reached XP level 3. HP: 9/33 MP: 2/2
  1103 | D:2      | Found an ornate altar of the Wu Jian Council.
  1285 | D:2      | Reached XP level 4. HP: 41/41 MP: 3/3
  1452 | D:3      | Reached skill level 1 in Dodging
  1480 | D:3      | Noticed Sigmund
  1495 | D:3      | HP: 2/41 [river rat (2)]
  1495 | D:3      | Slain by an adder

Illustrated notes

Levels and vault maps discovered:
D:1:      eino_arrival_druids_welcome, layout_basic,
          chequers_ecumenical_altar_island
D:2:      layout_rooms, basic_altar, minmay_worlds_worst_comb
D:3:      layout_rooms, gup_sewer_entry_spiral, st_stairs_9, uniq_sigmund,
          uniq_jessica

Skill      XL: |  1  2  3  4 |
---------------+-------------+-----
Fighting       | 4 |  4.5
Shields        | 4 |  4.3
Armour         | 4 |  4.6
Long Blades    | 3 |  3.5
Dodging        | 1 |  1.0

Action                     |  1- 3 |  4- 6 || total
---------------------------+-------+-------++-------
  Melee: Long sword        |    86 |    39 ||   125
         Headbutt          |    12 |     5 ||    17
    Use: Potion            |     1 |     3 ||     4
         Scroll            |     1 |     1 ||     2
 Armour: Scale mail        |    83 |    50 ||   133
  Dodge: Dodged            |    52 |    17 ||    69
  Block: Buckler           |    18 |    15 ||    33
